 Dungeon Crawl Stone Soup version 0.28-a0-751-gef3a642a4e (webtiles) character file.

Game seed: 17321178651089081734

112 avis the Insei (level 5, -9/38 HPs)
             Began as a Djinni Warper on Oct 30, 2021.
             Mangled by an ogre (27 damage)
             ... on level 3 of the Dungeon.
             The game lasted 00:11:24 (3548 turns).

avis the Insei (Djinni Warper)                      Turns: 3548, Time: 00:11:25

Health: -9/38      AC:  3    Str: 11    XL:     5   Next: 16%
Gold:   146        EV: 11    Int: 15    God:
                   SH:  0    Dex: 12

rFire   + + .      SeeInvis .     - Unarmed
rCold   x . .      Faith    .   (no shield)
rNeg    . . .      Spirit   .   a - +0 leather armour
rPois   ∞          Reflect  .   (no helmet)
rElec   .          Harm     .   (no cloak)
rCorr   .          Rampage  .   (no gloves)
Will    .....                   (boots unavailable)
Stlth   +.........              (no amulet)
HPRegen 0.12/turn               h - ring of wizardry
MPRegen 0.00/turn               (no ring)

@: flying
A: sickness immunity, fire resistance 2, cold vulnerability 1, float, innate
caster, hp casting, extra vitality 1
a: no special abilities


You were on level 3 of the Dungeon.
You visited 1 branch of the dungeon, and saw 3 of its levels.

You collected 146 gold pieces.

Inventory:

Hand Weapons
 l - a +0 hunting sling
Missiles
 c - 5 boomerangs of dispersal (quivered)
 d - 17 arrows
 e - 80 stones
Armour
 a - a +0 leather armour (worn)
 m - a +0 ring mail
Jewellery
 h - a ring of wizardry (left hand)
Scrolls
 b - 2 scrolls of blinking
 g - a scroll of enchant armour {unknown}
 j - 3 scrolls of teleportation {unknown}
 k - a scroll of vulnerability {unknown}
 n - a scroll of fear {unknown}
Potions
 f - 2 potions of heal wounds {unknown}
 i - 2 potions of invisibility {unknown}
 o - a potion of haste {unknown}


   Skills:
 - Level 2.0 Fighting
 - Level 0.7 Throwing
 - Level 1.0 Armour
 - Level 2.1 Dodging
 * Level 4.4 Unarmed Combat
 - Level 3.0 Spellcasting


You couldn't memorise any spells.
You knew the following spells:

 Your Spells              Type           Power      Damage    Failure   Level
a - Apportation           Tloc           22%        N/A       3%          1
b - Blink                 Tloc           22%        N/A       4%          2
e - Ensorcelled Hibernat  Hex/Ice        22%        N/A       4%          2
g - Gell's Gravitas       Tloc           5%         N/A       9%          3
k - Lesser Beckoning      Tloc           11%        N/A       9%          3
o - Teleport Other        Tloc           11%        N/A       9%          3
M - Manifold Assault      Tloc           11%        N/A       61%         5
Your spell library was empty.

Dungeon Overview and Level Annotations

Branches:
Dungeon (3/15)

Altars:


Innate Abilities, Weirdness & Mutations

You are immune to sickness and miasma.
You are immune to poison.
Your flesh is very heat resistant. (rF++)
You are vulnerable to cold. (rC-)
You float through the air rather than walking.
You learn spells naturally, not from books.
Your magical power is your life essence.
You have superior vitality. (+4 HP)


Message History

The bat barely misses you.
You barely miss the bat.
The bat is moderately wounded.
The bat closely misses you. The bat closely misses you.
The bat closely misses you.
You hit the bat.
You kill the bat!
You see here a +0 club.
The ogre shouts!
You see here a +0 club.
Casting: Ensorcelled Hibernation (safe; 4% risk of failure)
Confirm with . or Enter, or press ? or * to list all spells.
Aiming: Ensorcelled Hibernation (safe; 4% risk of failure)
Press: ? - help, Shift-Dir - straight line, f - ogre
Aim: an ogre, wielding a +0 giant spiked club (chance to affect: 42%)
The ogre looks drowsy...
The ogre shouts!
The ogre barely misses you.
You hit the ogre.
The ogre is lightly wounded.
The ogre barely misses you.
You hit the ogre.
The ogre is moderately wounded.
You hit the ogre.
The ogre is heavily wounded.
The ogre barely misses you.
You hit the ogre.
The ogre is heavily wounded.
The ogre hits you with a +0 giant spiked club!
You hit the ogre.
The ogre is severely wounded.
The ogre hits you with a +0 giant spiked club.
You closely miss the ogre.
The ogre is severely wounded.
You hit the ogre.
The ogre is severely wounded.
The ogre hits you with a +0 giant spiked club!!
Ouch! That really hurt!
You die...

#.##..... #####.. .....#
#...###.##..... #..
.....# #...##.........
#.. .....#
#...##......... ##.
.....# #...##.....O...
#. .....#
#...##......... #.
.....# #...###.# #.
.....# #....##O# ..
.....# #....##@# .##
.....# ####.##)# #.
##.g#########.##.######
#
........................
.#..#..#.#####.#.#######
#..#..#................
..#..#...######..#####
.#..#. #.........# #####
#..# .......#>#####
#...#


You could see an ogre.

Vanquished Creatures
  2 adders (D:2)
  4 gnolls
  A worm (D:2)
  An adder skeleton (D:2)
  2 dart slugs (D:1)
  4 orcs
  3 ball pythons
  8 bats
  3 endoplasms
  A giant cockroach (D:2)
  A goblin (D:2)
  3 hobgoblins
  A kobold (D:2)
  A quokka (D:3)
  A frilled lizard (D:1)
  7 rats
43 creatures vanquished.

Notes
Turn   | Place    | Note
-------+----------+-------------------------------------------
     0 | D:1      | avis the Djinni Warper began the quest for the Orb.
     0 | D:1      | Reached XP level 1. HP: 18/18 MP: 0/0
    98 | D:1      | Found a faded altar of an unknown god.
   159 | D:1      | Reached XP level 2. HP: 23/23 MP: 0/0
   526 | D:1      | Reached skill level 3 in Unarmed Combat
  1052 | D:2      | Reached XP level 3. HP: 28/28 MP: 0/0
  1052 | D:2      | Learned a level 1 spell: Apportation
  1482 | D:2      | Reached skill level 4 in Unarmed Combat
  1482 | D:2      | Reached XP level 4. HP: 25/33 MP: 0/0
  2260 | D:3      | Noticed a gnoll sergeant
  2861 | D:3      | Reached XP level 5. HP: 37/38 MP: 0/0
  2861 | D:3      | Learned a level 2 spell: Ensorcelled Hibernation
  2915 | D:3      | Noticed an ogre
  3548 | D:3      | Mangled by an ogre

Illustrated notes

Levels and vault maps discovered:
D:1:      shiori_arrival_oz, layout_loops_ring, basic_ecumenical_altar
D:2:      layout_basic, minmay_octomino_e4
D:3:      layout_basic, minmay_misc_feat_diagonals

Skill      XL: |  1  2  3  4 |
---------------+-------------+-----
Unarmed Combat | 3 4 |  4.4
Spellcasting   | 3 |  3.0
Fighting       | |  2.0
Throwing       | |  0.7
Armour         | |  1.0
Dodging        | |  2.1

Action                   |  1- 3 |  4- 6 || total
-------------------------+-------+-------++-------
Melee: Unarmed           |   131 |   104 ||   235
       Punch             |       |     1 ||     1
 Cast: Ensorcelled Hiber |       |     4 ||     4
 Stab: Sleeping          |       |     1 ||     1
Armor: Leather armour    |    37 |    17 ||    54
Dodge: Dodged            |    78 |    66 ||   144

Table legend: (Time is in decaauts)
 A = Elapsed time spent in this place.
 B = Non-inter-level travel time spent in this place.
 C = Inter-level travel time spent in this place.
 D = Time resting spent in this place.
 E = Time spent auto-exploring this place.
 F = Levels seen in this place.
 G = Mean time per level.
                   A        B        C        D        E       F      G
               +--------+--------+--------+--------+--------+-----+--------+
         Total |   3544 |   3216 |    328 |   1387 |   1187 |   3 | 1181.3 |
       Dungeon |   3544 |   3216 |    328 |   1387 |   1187 |   3 | 1181.3 |
               +--------+--------+--------+--------+--------+-----+--------+

Top non-repeatable levels by time:
     D:2: 1895 daAuts
     D:1: 1222 daAuts
     D:3: 425 daAuts
